 Dungeon Crawl Stone Soup version 0.20-a0-2-g2b0e13a (webtiles) character file.

11540 spe3d0 the Protected (level 11, -5/75 HPs)
             Began as a Demonspawn Fighter on Oct 30, 2016.
             Was a High Priest of Okawaru.
             Slain by a hill giant
             ... wielding a +0 giant spiked club
              (10 damage)
             ... on level 11 of the Dungeon.
             The game lasted 00:18:45 (10171 turns).

spe3d0 the Protected (Demonspawn Fighter)          Turns: 10171, Time: 00:18:45

Health: -5/75      AC: 13    Str: 19    XL:     11   Next: 50%
Magic:  0/11       EV: 14    Int: 10    God:    Okawaru [*****.]
Gold:   397        SH: 16    Dex: 25    Spells: 0 memorised, 10 levels left

rFire  + . .     SeeInvis .     y - +4 dagger of Malaise {elec, rN+ Dex+9}
rCold  x . .     Gourm    .     b - +0 scale mail
rNeg   + . .     Faith    .     c - +1 shield
rPois  .         Spirit   +     d - +0 hat {MR+}
rElec  .         Reflect  .     m - +0 cloak
rCorr  .         Harm     .     (no gloves)
MR     +....                    (no boots)
Stlth  ++........               G - amulet of guardian spirit
                                S - +3 ring of strength
                                F - ring of fire

@: about to teleport, heroism
A: claws 1, molten scales 1, powered by death 1, spiny 3
a: Heroism, Finesse, Renounce Religion


You were on level 11 of the Dungeon.
You worshipped Okawaru.
Okawaru was extremely pleased with you.
You were not hungry.

You visited 2 branches of the dungeon, and saw 12 of its levels.

You collected 397 gold pieces.


Innate Abilities, Weirdness & Mutations

You have sharp fingernails.
You are partially covered in molten scales. (AC +2)
You regenerate a little health from kills.
You are completely covered in sharp spines.


   Skills:
 - Level 3.0(8.0) Fighting
 * Level 9.0(14.0) Short Blades
 - Level 4.5(9.5) Axes
 * Level 10.2(15.2) Armour
 * Level 10.0(15.0) Shields


You had 10 spell levels left.
You didn't know any spells.

Inventory:

Hand Weapons
 a - a +1 war axe
 y - the +4 dagger of Malaise (weapon) {elec, rN+ Dex+9}
   (You found it on level 4 of the Dungeon)

   Occasionally, upon striking a foe, it will discharge some electrical energy
   and cause terrible harm.
   It affects your dexterity (+9).
   It protects you from negative energy.
Missiles
 h - 7 curare-tipped needles {=f}
 i - 2 throwing nets {=f}
Armour
 b - a +0 scale mail (worn)
 c - a +1 shield (worn)
 d - a +0 hat of magic resistance (worn)
 m - a +0 cloak (worn)
 z - a +0 helmet
 W - a +0 pair of boots
Magical Staves
 M - an uncursed staff of energy {unknown}
Jewellery
 F - a ring of fire (left claw)
 G - an amulet of guardian spirit (around neck)
 H - an uncursed amulet of magic regeneration
 J - an uncursed ring of loudness
 N - an uncursed ring of positive energy
 P - an uncursed ring of poison resistance {unknown}
 Q - an uncursed ring of stealth
 S - a +3 ring of strength (right claw)
Wands
 j - a wand of random effects (22/48)
 I - a wand of confusion (27/48)
 X - a wand of random effects (27/48)
Scrolls
 l - 2 scrolls of amnesia
 n - 2 scrolls of recharging
 p - 2 scrolls of teleportation {@r4}
 s - a scroll of enchant weapon
 t - 5 scrolls of identify {@r1}
 u - 5 scrolls of remove curse {@r2}
 v - 2 scrolls of enchant armour
 w - a scroll of fog
 D - a scroll of fear
Potions
 e - 2 potions of invisibility {unknown}
 k - 3 potions of resistance {unknown}
 o - 2 potions of agility {unknown}
 q - a potion of beneficial mutation {unknown}
 r - a potion of degeneration {unknown}
 x - 3 potions of flight {unknown}
 A - 3 potions of curing {unknown}
 B - a potion of mutation {unknown}
 C - a potion of brilliance {unknown}
 O - 4 potions of cure mutation {unknown}
 T - a potion of lignification {unknown}
 U - a potion of cancellation {unknown}
Miscellaneous
 V - a sack of spiders
Comestibles
 f - 7 bread rations {@e1}
 g - 9 meat rations {@e1}
 E - 10 slices of pizza {@e2}
 K - 2 beef jerkies {@e2}
 L - 15 fruits {@e2}
 R - 20 chunks of flesh

Dungeon Overview and Level Annotations

Branches:
Dungeon (11/15)            Temple (1/1) D:6            Lair (0/6) D:9
    Orc: D:9-12

Altars:
Cheibriados
Dithmenos
Elyvilon
Fedhas
Gozag
Hepliaklqana
Kikubaaqudgha
Okawaru
Qazlal
Ru
Trog
Uskayaw
Xom

# #.............
#.###...####.#
#.###...#
##.##....#
#........#
#..........#
#...#######..######
...#. #........ ##
# #@##.##.. #CC..#
#W....... #p/.###..
....# ..... ......#
...?..# .......#


You could see 2 hill giants, a human and a wraith.


Message History

The hill giant shouts!
Found a scroll of identify.
A hill giant comes into view. It is wielding a giant spiked club.
The hill giant shouts!
The hill giant is struck by your spines.
The hill giant hits you with a giant club!!!
You hit the hill giant.
The hill giant is lightly wounded.
Your shield prevents you from hitting the hill giant.
The hill giant is lightly wounded.
The hill giant hits you with a giant club!
* * * LOW HITPOINT WARNING * * *
Use which ability? (? or * to list)
You gain the combat prowess of a mighty hero.
You puncture the hill giant!
The hill giant is moderately wounded.
You block the hill giant's attack.
A wraith comes into view.
You hit the hill giant.
The hill giant is moderately wounded.
You hit the hill giant but do no damage.
The hill giant is moderately wounded.
The hill giant hits you with a giant club!!
* * * LOW HITPOINT WARNING * * *
A human comes into view. It is wielding a long sword.
Okay, then.
As you read the scroll of teleportation {@r4}, it crumbles to dust.
You feel strangely unstable.
The hill giant hits you with a giant spiked club!
You die...

Skill      XL: |  1  2  3  4  5  6  7  8  9 10 11 |
---------------+----------------------------------+-----
Axes           | 2 3 4 |  4.5
Armour         | 3 4 5 6 8 9 10 | 10.2
Shields        | 3 4 6 8 9 10 | 10.0
Short Blades   | 3 4 6 8 9 |  9.0
Fighting       | |  3.0

Action                   |  1- 3 |  4- 6 |  7- 9 | 10-12 || total
-------------------------+-------+-------+-------+-------++-------
Melee: War axe           |    82 |    88 |    14 |       ||   184
       Dagger            |       |       |   263 |   411 ||   674
Invok: Heroism           |       |       |       |     3 ||     3
  Use: Potion            |     1 |     2 |     2 |     3 ||     8
       Scroll            |       |       |    11 |     1 ||    12
  Eat: Chunk             |     2 |     6 |    11 |    11 ||    30
Armor: Scale mail        |    38 |    32 |    61 |    60 ||   191
Dodge: Dodged            |    15 |    23 |    49 |    68 ||   155
Block: Shield            |    44 |    44 |   154 |   173 ||   415

Vault maps used:
D:1:      minmay_arrival_five_plusses
D:2:      gammafunk_temple_overflow_wave, first_bread
D:4:      tgw_trog, uniq_eustachio, uniq_menkaure
D:5:      uniq_grinder
D:6:      nicolae_qazlal_style_of_elements, uniq_sigmund
D:7:      kennysheep_seaside_town, slow_altar_2,
          nicolae_ru_the_path_less_chosen, uniq_joseph
D:8:      hangedman_ranch, serial_bayou_pond_b, uniq_maurice, uniq_gastronok
D:9:      lair_0_dummy, hangedman_minor_gate_pass
D:11:     special_room, grunt_ministairs_3, okawaru_humans
Temple:   eino_temple_scatter_basement

Notes
Turn   | Place    | Note
-------+----------+-------------------------------------------
     0 | D:1      | spe3d0 the Demonspawn Fighter began the quest for the Orb.
     0 | D:1      | Reached XP level 1. HP: 18/18 MP: 1/1
   157 | D:1      | Reached skill level 2 in Axes
   265 | D:1      | Gained mutation: You are partially covered in sharp spines. [demonic ancestry]
   265 | D:1      | Reached XP level 2. HP: 24/24 MP: 2/2
   565 | D:1      | Reached skill level 3 in Armour
   937 | D:2      | Gained mutation: You are mostly covered in sharp spines. [demonic ancestry]
   937 | D:2      | Reached XP level 3. HP: 18/29 MP: 3/3
  1317 | D:2      | Reached skill level 3 in Shields
  1377 | D:2      | Found a hide-covered altar of Uskayaw.
  1377 | D:2      | Found a sacrificial altar of Ru.
  1558 | D:2      | Reached XP level 4. HP: 10/35 MP: 2/4
  1561 | D:2      | Reached skill level 3 in Axes
  2460 | D:3      | Reached XP level 5. HP: 36/41 MP: 3/5
  2629 | D:3      | Noticed an ogre
  2638 | D:3      | Killed an ogre
  2638 | D:3      | Reached skill level 4 in Armour
  3272 | D:3      | Gained mutation: You are partially covered in molten scales. (AC +2) [demonic ancestry]
  3272 | D:3      | Reached XP level 6. HP: 40/47 MP: 6/6
  3286 | D:4      | Reached skill level 4 in Shields
  3384 | D:4      | Noticed Eustachio
  3414 | D:4      | Killed Eustachio
  3414 | D:4      | Reached skill level 4 in Axes
  3464 | D:4      | Noticed Menkaure
  3471 | D:4      | Killed Menkaure
  3471 | D:4      | Reached skill level 5 in Armour
  3471 | D:4      | Gained mutation: You regenerate a little health from kills. [demonic ancestry]
  3471 | D:4      | Reached XP level 7. HP: 8/52 MP: 3/7
  3844 | D:4      | Noticed a moth of wrath
  3847 | D:4      | Found a bloodstained altar of Trog.
  4168 | D:4      | Got a polished dagger
  4169 | D:4      | Identified the +4 dagger of Malaise {elec, rN+ Dex+9} (You found it on level 4 of the Dungeon)
  4388 | D:4      | Reached skill level 1 in Short Blades
  4388 | D:4      | Reached skill level 5 in Shields
  4484 | D:5      | Entered Level 5 of the Dungeon
  4566 | D:5      | Noticed petzl's ghost (novice OpWn)
  4581 | D:5      | Noticed Grinder
  4594 | D:5      | Killed petzl's ghost
  4594 | D:5      | Reached skill level 3 in Short Blades
  4594 | D:5      | Reached skill level 6 in Armour
  4594 | D:5      | Reached skill level 6 in Shields
  4594 | D:5      | Reached XP level 8. HP: 42/58 MP: 2/8
  4597 | D:5      | Killed Grinder
  4740 | D:5      | Reached skill level 4 in Short Blades
  5109 | D:6      | Gained mutation: You are completely covered in sharp spines. [demonic ancestry]
  5109 | D:6      | Reached XP level 9. HP: 63/63 MP: 9/9
  5196 | D:6      | Reached skill level 7 in Armour
  5334 | D:6      | Found a stormy altar of Qazlal.
  5666 | D:6      | Found a staircase to the Ecumenical Temple.
  5713 | Temple   | Entered the Ecumenical Temple
  5728 | Temple   | Became a worshipper of Warmaster Okawaru
  5932 | D:7      | Found a snail-covered altar of Cheibriados.
  5943 | D:7      | Reached skill level 7 in Shields
  6083 | D:7      | Reached skill level 5 in Short Blades
  6175 | D:7      | Found a sacrificial altar of Ru.
  6307 | D:7      | Noticed Joseph
  6322 | D:7      | Killed Joseph
  6322 | D:7      | Reached * piety under Okawaru
  6715 | D:7      | Noticed Sigmund
  6719 | D:7      | Reached skill level 8 in Armour
  6746 | D:7      | Reached skill level 6 in Short Blades
  6855 | D:7      | Killed Sigmund
  6855 | D:7      | Reached ** piety under Okawaru
  6855 | D:7      | Reached skill level 8 in Shields
  6885 | D:7      | Gained mutation: You have sharp fingernails. [demonic ancestry]
  6885 | D:7      | Reached XP level 10. HP: 42/70 MP: 5/10
  7572 | D:8      | Paralysed by a hornet for 3 turns
  7680 | D:8      | Noticed Gastronok
  7704 | D:8      | Reached *** piety under Okawaru
  7728 | D:8      | Killed Gastronok
  7728 | D:8      | Reached **** piety under Okawaru
  7728 | D:8      | Reached skill level 7 in Short Blades
  7728 | D:8      | Reached skill level 9 in Armour
  7728 | D:8      | Reached skill level 9 in Shields
  8154 | D:8      | Noticed a three-headed hydra
  8185 | D:8      | Killed a three-headed hydra
  8185 | D:8      | Received a gift from Okawaru
  8191 | D:8      | Reached skill level 8 in Short Blades
  8191 | D:8      | Reached XP level 11. HP: 45/75 MP: 7/11
  8300 | D:8      | Noticed Maurice
  8306 | D:8      | Killed Maurice
  9027 | D:9      | Found a staircase to the Lair.
  9199 | D:9      | Reached ***** piety under Okawaru
  9371 | D:10     | Entered Level 10 of the Dungeon
  9496 | D:10     | Reached skill level 10 in Armour
 10038 | D:11     | Reached skill level 10 in Shields
 10129 | D:11     | Reached skill level 9 in Short Blades
 10160 | D:11     | Noticed a hill giant
 10163 | D:11     | Noticed a hill giant
 10170 | D:11     | HP: 5/75 [hill giant/giant club (31)]
 10171 | D:11     | Slain by a hill giant

Vanquished Creatures
  Gastronok (D:8)
  A hydra (D:8)
  The ghost of petzl the Covert, a novice OpWn (D:5)
  Maurice (D:8)
  Joseph (D:7)
  A troll (D:10)
  A hornet (D:8)
  A two-headed ogre (D:9)
  Grinder (D:5)
  2 dream sheep (D:8)
  Sigmund (D:7)
  A wyvern (D:8)
  6 yaks
  Eustachio (D:4)
  Menkaure (D:4)
  4 orc warriors
  3 ice beasts
  2 sky beasts
  A black bear (D:8)
  A necrophage (D:7)
  A hornet zombie (D:10)
  A phantom (D:8)
  8 ogres
  4 centaurs
  A crocodile (D:10)
  5 big kobolds
  5 bullfrogs
  A gnoll sergeant (D:6)
  5 scorpions
  12 killer bees
  9 howler monkeys
  5 crimson imps
  A centaur zombie (D:10)
  2 bullfrog skeletons
  7 orc priests
  5 gnoll shamans
  5 hounds
  An iron imp (D:7)
  5 iguanas
  4 orc wizards
  5 worker ants
  A killer bee zombie (D:9)
  A hound skeleton (D:10)
  A worker ant zombie (D:5)
  19 gnolls
  8 adders
  2 shadow imps
  3 worms (D:4)
  3 dart slugs
  3 leopard geckos
  34 orcs
  2 ball pythons
  5 bats
  6 giant cockroaches
  2 goblins
  3 hobgoblins
  4 jackals
  4 kobolds
  2 quokkas
  A frilled lizard (D:2)
  A giant cockroach zombie (D:5)
  A quokka skeleton (D:4)
  2 quokka zombies
  6 rats
  A plant (D:7)
239 creatures vanquished.

Vanquished Creatures (others)
  6 fungi (D:7)
  10 plants (D:7)
16 creatures vanquished.

Grand Total: 255 creatures vanquished
